 Dungeon Crawl Stone Soup version 0.21-a0-509-gecc5317 (webtiles) character file.

69 BingusPrime the Insei (level 4, -1/28 HPs)
             Began as an Octopode Transmuter on Nov 29, 2017.
             Succumbed to Raine357's ghost's poison
             ... on level 3 of the Dungeon.
             The game lasted 00:10:13 (2982 turns).

BingusPrime the Insei (Octopode Transmuter)         Turns: 2982, Time: 00:10:13

Health: -1/28      AC:  2    Str:  9    XL:     4   Next: 20%
Magic:  2/7        EV: 20    Int: 15    God:
Gold:   169        SH:  0    Dex: 18    Spells: 3/7 levels left

rFire    . . .     SeeInvis .     - Unarmed
rCold    + . .     Gourm    .   (shield currently unavailable)
rNeg     . . .     Faith    .   (helmet currently unavailable)
rPois    x         Spirit   .   (no amulet)
rElec    .         Reflect  .   i - ring of protection from cold
rCorr    .         Harm     .   (no ring)
MR       .....                  (no ring)
Stlth    ++........             (no ring)
HPRegen  0.09/turn              (no ring)
MPRegen  0.10/turn              (no ring)
                                (no ring)
                                (no ring)

@: lethally poisoned (-1 -> -26), spider-form (expiring), very slightly
contaminated
A: tiny, almost no armour, stealthy swim, (amphibious), 8 rings, (constrict 8)
a: End Transformation


You were on level 3 of the Dungeon.
You were not hungry.
You were a venomous arachnid creature.
You visited 1 branch of the dungeon, and saw 3 of its levels.

You collected 169 gold pieces.

Inventory:

Hand Weapons
 h - a +0 dagger (melded)
Missiles
 a - 26 arrows
Armour
 j - a +0 hat (melded)
Jewellery
 c - a cursed ring of loudness {unknown}
 i - a ring of protection from cold (left front leg)
Scrolls
 e - 2 scrolls of remove curse
 n - a scroll of identify
 o - a scroll of amnesia {unknown}
 p - a scroll of magic mapping {unknown}
Potions
 d - 2 potions of curing {unknown}
 f - a potion of agility {unknown}
 g - a potion of haste {unknown}
 q - a potion of heal wounds {unknown}
Books
 b - a book of Changes

   Spells                             Type                      Level
   a - Beastly Appendage              Transmutation                1
   b - Sticks to Snakes               Transmutation                2
   c - Spider Form                    Transmutation/Poison         3
   d - Ice Form                       Ice/Transmutation            4
   e - Blade Hands                    Transmutation                5
 m - a book of Misfortune

   Spells                             Type                      Level
   a - Confusing Touch                Hexes                        1
   b - Confuse                        Hexes                        3
   c - Gell's Gravitas                Translocation                3
   d - Petrify                        Transmutation/Earth          4
   e - Metabolic Englaciation         Hexes/Ice                    5
   f - Yara's Violent Unravelling     Hexes/Transmutation          5
Comestibles
 l - a royal jelly


   Skills:
 + Level 1.0 Fighting
 + Level 1.0 Short Blades
 + Level 2.5 Dodging
 + Level 1.1 Stealth
 + Level 3.5 Unarmed Combat
 + Level 2.3 Spellcasting
 + Level 2.5 Transmutations
 + Level 0.6 Poison Magic


You had 3 spell levels left.
You knew the following spells:

 Your Spells              Type           Power        Failure   Level  Hunger
a - Beastly Appendage     Tmut           #.....       21%         1    #......
b - Spider Form           Tmut/Pois      #.........   56%         3    ###....


Dungeon Overview and Level Annotations

Branches:
Dungeon (3/15)

Altars:

Annotations:
D:3 Grinder; Raine357's ghost, amateur MfCK


Innate Abilities, Weirdness & Mutations

You cannot wear most types of armour.
You are very stealthy in the water. (Stealth+)
((You are amphibious.))
You can wear up to eight rings at the same time.
((You can use your tentacles to constrict eight enemies at once.))
((Your skin changes colour to match your surroundings (Stealth+).))
((Your rubbery body absorbs attacks. (AC +1, EV +1)))


Message History

You hit Raine357's ghost.
Raine357's ghost is lightly damaged.
Raine357's ghost misses you.
You bite Raine357's ghost!
Raine357's ghost is heavily damaged.
Raine357's ghost completely misses you.
You closely miss Raine357's ghost.
Raine357's ghost is heavily damaged.
Raine357's ghost hits you!
You are lethally poisoned!
You barely miss Raine357's ghost.
Raine357's ghost is heavily damaged.
Your transformation is almost over.
You feel sick. Raine357's ghost hits you!
* * * LOW HITPOINT WARNING * * *
Raine357's ghost burns you.
* * * LOW HITPOINT WARNING * * *
You hit Raine357's ghost.
Raine357's ghost is heavily damaged.
You die...

.#.#.###..##.# ..
.#.#..##.....# #.#####
.#.#........######
#......
.#.#...)#.#.#....#
#......
##.'...W(...#.##.#
#...5.. #.#...##).W..##.#
#.##....$.
#.#...#########.#
.......... #.#...# #.#
### #'## ###...# #s####
#.. #... #####
#######W##.# #.########
#........#.# #.....# #
#........#.####.....# #
#...............#.#.####
#..<..........#.#.#.##..
#.............'.........
########...#...#.........
#......###.#...#####.#..5


You could see Raine357's ghost.

Vanquished Creatures
  3 adders
  2 oozes
  A dart slug (D:3)
  A leopard gecko (D:1)
  4 bats
  A giant cockroach (D:1)
  5 goblins
  5 hobgoblins
  A quokka (D:2)
  A ball python (D:2)
  A kobold (D:1)
  10 rats
35 creatures vanquished.

Notes
Turn   | Place    | Note
-------+----------+-------------------------------------------
     0 | D:1      | BingusPrime the Octopode Transmuter began the quest for the Orb.
     0 | D:1      | Reached XP level 1. HP: 13/13 MP: 3/3
   103 | D:1      | Reached XP level 2. HP: 18/18 MP: 3/5
  1154 | D:2      | Reached XP level 3. HP: 23/23 MP: 4/6
  1159 | D:2      | Learned a level 3 spell: Spider Form
  2470 | D:3      | Noticed Grinder
  2672 | D:3      | Noticed Raine357's ghost (amateur MfCK)
  2674 | D:3      | Reached skill level 1 in Stealth
  2819 | D:3      | Reached skill level 1 in Short Blades
  2819 | D:3      | Reached XP level 4. HP: 27/28 MP: 4/7
  2981 | D:3      | HP: 1/28 [Raine357's ghost (3)]
  2982 | D:3      | Succumbed to Raine357's ghost's poison

Vault maps used:
D:1:      evilmike_arrival_crescent
D:2:      hangedman_feature_mirror
D:3:      uniq_grinder

Skill      XL: |  1  2  3 |
---------------+----------+-----
Stealth        | 1 |  1.1
Short Blades   | 1 |  1.0
Fighting       | |  1.0
Dodging        | |  2.5
Unarmed Combat | |  3.5
Spellcasting   | |  2.3
Transmutations | |  2.5
Poison Magic   | |  0.6

Action                   |  1- 3 |  4- 6 || total
-------------------------+-------+-------++-------
Melee: Unarmed           |    16 |    11 ||    27
       Constrict         |    13 |     1 ||    14
       Kick              |    11 |     1 ||    12
       Tentacles         |    12 |       ||    12
       Dagger            |    50 |     1 ||    51
       Punch             |     2 |       ||     2
 Cast: Beastly Appendage |    20 |     1 ||    21
       Spider Form       |     4 |     2 ||     6
  Use: Scroll            |     4 |       ||     4
 Stab: Sleeping          |     3 |       ||     3
  Eat: Bread ration      |     1 |       ||     1
       Chunk             |     1 |       ||     1
       Meat ration       |       |     1 ||     1
Armor: Skin              |     3 |       ||     3
Dodge: Dodged            |    36 |     7 ||    43

Table legend:
 A = Spawn XP
 B = Non-spawn XP
 C = Spawn XP percentage of total XP
 D = Spawn monster count
 E = Non-spawn monster count
 F = Spawn count percentage of total count
 G = Total turns spent on level
                    A         B        C        D         E        F      G
               +---------+---------+-------+---------+---------+-------+---------
         Total |       0 |      99 |   0.0 |       0 |      35 |   0.0 |  2982
               +---------+---------+-------+---------+---------+-------+---------
           D:1 |       0 |      32 |   0.0 |       0 |      17 |   0.0 |  1120
           D:2 |       0 |      30 |   0.0 |       0 |      10 |   0.0 |  1497
           D:3 |       0 |      37 |   0.0 |       0 |       8 |   0.0 |   365
               +---------+---------+-------+---------+---------+-------+---------
